AoeStats
← Heredero

Pilgrims

510226952Analyzed
3v3 RM · 2d ago on Sep 30, 2026· 60m 29s· 6 players
Game mode
Random Map
Map size
Normal (6 player)
Population
200
Speed
Normal
Resources
Standard
Victory
Conquest
Starting age
Dark Age
Ending age
Imperial Age
RankedLock teamsTeams togetherTeam positionsShared explorationLock speedFull tech treeHidden civsTurbo modeCheats
Victory
Defeat
🇧🇷 Dravidians · Brazil
1452
+10
🇧🇷 Malians · Brazil
1354
+14
🇧🇷 Bulgarians · Brazil
1325
+15
🇦🇷 Spanish · Argentina
1330
-14
🇨🇱 Poles · Chile
1302
-13
🇨🇱 Khmer · Chile
1294
-12
Heredero
6:59 Loom
11:11 Feudal Age
14:06 Feudal Age
20:58 Castle Age
20:54 Double-Bit Axe
21:00 Gold Mining
22:17 Bow Saw
22:30 Medium Warships
23:34 Fletching
27:00 Clinker Construction
26:57 Siphons
27:26 Fishing Lines
29:03 Stone Mining
28:55 Horse Collar
29:35 Gillnets
32:07 Padded Archer Armor
33:22 Wheelbarrow
32:33 Town Watch
38:17 Imperial Age
36:13 Bloodlines
36:52 Husbandry
37:09 Leather Archer Armor
39:06 Stone Shaft Mining
38:34 Heavy Plow
39:48 Conscription
38:49 Elite Conquistador
40:01 Ring Archer Armor
41:46 Chemistry
45:11 Hand Cart
44:57 Town Patrol
45:42 Light Cavalry
47:50 Supremacy
53:45 Scale Barding Armor
53:51 Forging
54:13 Hussar
55:32 Heavy Warships
60:38 Chain Barding Armor
Ignacio
4:41 Loom
13:42 Feudal Age
14:36 Town Watch
19:13 Double-Bit Axe
21:28 Scale Barding Armor
24:03 Castle Age
22:36 Bloodlines
23:17 Fletching
26:07 Bodkin Arrow
31:53 Bow Saw
35:10 Chain Barding Armor
36:58 Forging
40:40 Stone Mining
42:22 Horse Collar
51:23 Light Cavalry
55:58 Imperial Age
54:09 Husbandry
56:17 Winged Hussar
57:45 Iron Casting
Vito
5:09 Loom
11:25 Feudal Age
14:38 Fletching
18:28 Town Watch
23:19 Castle Age
24:25 Bodkin Arrow
23:53 Crossbowman
31:14 Padded Archer Armor
40:00 Double-Bit Axe
40:16 Horse Collar
42:14 Town Patrol
48:53 Imperial Age
50:18 Leather Archer Armor
52:25 Arbalester
54:34 Double Crossbow
55:52 Scale Barding Armor
56:26 Conscription
57:26 Wheelbarrow
Tamy Chan
6:43 Loom
15:23 Feudal Age
16:03 Fishing Lines
16:43 Arson
17:10 Scale Mail Armor
17:20 Forging
19:16 Double-Bit Axe
22:51 Castle Age
21:31 Stone Mining
24:33 Castle Age
23:50 Wheelbarrow
25:33 Gillnets
27:54 Scale Barding Armor
28:25 Iron Casting
27:42 Fletching
29:26 Chain Barding Armor
41:33 Imperial Age
40:02 Medium Warships
40:54 Stirrups
43:52 Conscription
44:16 Horse Collar
44:58 Town Watch
47:20 Bow Saw
47:21 Heavy Plow
48:33 Bagains
49:52 Elite Konnik
53:40 Hand Cart
59:00 Crop Rotation
60:01 Stone Shaft Mining
59:17 Gold Mining
GuguBot
10:36 Feudal Age
10:38 Loom
13:13 Forging
16:51 Castle Age
14:55 Fletching
16:09 Double-Bit Axe
17:59 Medium Warships
17:45 Bodkin Arrow
20:16 Bow Saw
28:04 Imperial Age
29:18 Town Watch
31:11 Padded Archer Armor
33:29 Bracer
37:08 Ballistics
40:32 Medical Corps
41:19 Horse Collar
43:16 Chemistry
43:12 Thumb Ring
43:57 Conscription
46:30 Heavy Plow
51:02 Clinker Construction
52:10 Husbandry
52:51 Leather Archer Armor
52:48 Elite Elephant Archer
58:18 Coinage
59:59 Ring Archer Armor
59:47 Siphons
Bet0
6:34 Loom
14:55 Feudal Age
21:52 Castle Age
22:30 Elite Skirmisher
26:18 Double-Bit Axe
26:13 Horse Collar
31:53 Bow Saw
38:06 Fletching
40:21 Heavy Plow
42:33 Wheelbarrow
42:16 Gold Mining
43:57 Bodkin Arrow
44:40 Thumb Ring
44:36 Padded Archer Armor
45:51 Leather Archer Armor
49:51 Imperial Age
48:37 Ballistics
51:32 Ring Archer Armor
52:03 Chemistry
51:30 Heavy Camel Rider
52:20 Bloodlines
52:10 Husbandry
52:18 Scale Barding Armor
51:58 Capped Ram
57:27 Caravan
57:08 Light Cavalry
59:04 Chain Barding Armor
58:55 Forging
58:40 Heavy Cavalry Archer
Connection lost

Rejoining the realm…

Still unreachable

The connection could not be restored.

Session expired

The server has moved on; the page needs a fresh start.